 Dungeon Crawl Stone Soup version 0.29.1-13-g9f3cf754e1 (webtiles) character file.

Game seed: 11840732970641987570

24702 javelincjr the Thaumaturge (level 12, -2/80 HPs)
             Began as a Demonspawn Fire Elementalist on Jan 23, 2023.
             Was an Elder of Sif Muna.
             Slain by a skeletal warrior
             ... wielding a +0 scimitar
              (20 damage)
             ... on level 12 of the Dungeon.
             The game lasted 02:13:42 (19760 turns).

javelincjr the Thaumaturge (DsFE)                  Turns: 19760, Time: 02:13:43

Health: -2/80      AC: 13    Str:  9    XL:     12   Next: 83%
Magic:  4/28       EV: 10    Int: 36    God:    Sif Muna [****..]
Gold:   874        SH:  0    Dex: 12    Spells: 17/36 levels left

rFire   + . .      SeeInvis +   c - +0 short sword (protect)
rCold   + . .      Faith    .   (no shield)
rNeg    . . .      Spirit   .   w - +0 ring mail of Xuahos {Int+4}
rPois   .          Reflect  .   (helmet restricted)
rElec   .          Harm     .   q - +2 cloak
rCorr   .          Rampage  .   x - +2 pair of gloves
Will    .....                   m - +0 pair of boots
Stlth   ++........              (no amulet)
HPRegen 0.23/turn               u - ring of Happiness {rF+ rC+ Int+7}
MPRegen 0.21/turn               D - ring of see invisible

@: no status effects
A: hooves 2, demonic guardian 1, demonic magic 2, beak, clever 1
a: Renounce Religion, Channel Magic, Forget Spell, Divine Exegesis


You were on level 12 of the Dungeon.
You worshipped Sif Muna.
Sif Muna was greatly pleased with you.
You visited 2 branches of the dungeon, and saw 14 of its levels.
You also visited: Ossuary and Bailey.

You collected 1430 gold pieces.
You spent 556 gold pieces at shops.

Inventory:

Hand Weapons
 c - a +0 short sword of protection (weapon)
 k - the +6 sling of Xioblis {flame, rN+}
   (You found it on level 6 of the Dungeon)

   Any ammunition fired from it burns those it strikes, dealing additional fire
   damage.
   rN:        It protects you from negative energy.
 p - a +5 quarterstaff of flaming
 v - a +1 antimagic short sword
 G - a +0 dagger of distortion
Missiles
 e - a throwing net
 r - 9 curare-tipped darts
 Q - 7 silver javelins
Armour
 m - a +0 pair of boots (worn)
 q - a +2 cloak (worn)
 s - a +0 robe of positive energy
 w - the +0 ring mail of Xuahos (worn) {Int+4}
   (You found it on level 4 of the Dungeon)

   Int:       It affects your intelligence (+4).
 x - a +2 pair of gloves (worn)
 z - +0 steam dragon scales
 B - +0 acid dragon scales
 I - a +2 robe of cold resistance
 K - a +1 robe of cold resistance
 P - a +0 pair of boots of flying
 R - a +3 scale mail of poison resistance
Jewellery
 g - a ring of ice
 u - the ring of Happiness (left hand) {rF+ rC+ Int+7}
   (You found it on level 3 of the Dungeon)

   [ring of protection from fire]

   Int:       It affects your intelligence (+7).
   rF:        It protects you from fire.
   rC:        It protects you from cold.
 D - a ring of see invisible (right hand)
Wands
 h - a wand of mindburst (10)
 y - a wand of digging (2)
 C - a wand of paralysis (28)
 F - a wand of flame (22)
 J - a wand of acid (3)
 N - a wand of polymorph (5)
 O - a wand of iceblast (3)
Scrolls
 a - a scroll of identify
 i - 3 scrolls of amnesia
 j - 9 scrolls of teleportation
 n - 2 scrolls of fear
 o - 2 scrolls of magic mapping
 t - a scroll of summoning
 E - a scroll of poison
 H - 3 scrolls of enchant armour
 S - a scroll of blinking {unknown}
Potions
 b - 2 potions of magic
 d - 4 potions of heal wounds
 f - 6 potions of curing
 l - 3 potions of cancellation
 A - a potion of haste
 L - 2 potions of resistance
 M - a potion of flight


   Skills:
 + Level 2.7 Fighting
 + Level 0.6 Short Blades
 + Level 1.9 Staves
 + Level 4.0 Ranged Weapons
 + Level 4.4 Armour
 + Level 2.8 Dodging
 + Level 5.3 Stealth
 + Level 12.9 Spellcasting
 + Level 6.5 Conjurations
 + Level 2.6 Hexes
 + Level 11.3 Fire Magic
 + Level 1.8 Earth Magic


You had 17 spell levels left.
You knew the following spells:

 Your Spells              Type           Power      Damage    Failure   Level
a - Foxfire               Conj/Fire      100%       2x1d9     1%          1
b - Scorch                Fire           100%       2d10      1%          2
c - Conjure Flame         Conj/Fire      72%        6-21      1%          3
d - Flame Wave            Conj/Fire      72%        2d16      1%          4
e - Inner Flame           Hex/Fire       65%        N/A       1%          3
f - Stone Arrow           Conj/Erth      100%       3d13      2%          3
g - Gell's Gravitas       Tloc           23%        N/A       13%         3

Your spell library contained the following spells:

 Spells                   Type           Power      Damage    Failure   Level
 Frozen Ramparts          Ice            46%        1d7       13%         3
 Lesser Beckoning         Tloc           23%        N/A       13%         3
 Teleport Other           Tloc           23%        N/A       13%         3
 Anguish                  Hex/Necr       16%        N/A       26%         4
 Animate Armour           Summ/Erth      58%        N/A       30%         4
 Ice Form                 Ice/Tmut       23%        N/A       41%         4
 Summon Ice Beast         Ice/Summ       23%        N/A       41%         4
 Enfeeble                 Hex            20%        N/A       100%        7
 Lehudib's Crystal Spear  Conj/Erth      26%        10d7      100%        8
 Chain Lightning          Conj/Air       23%        3d30      100%        9
 Fire Storm               Conj/Fire      36%        8d9       100%        9
 Shatter                  Erth           18%        3d17*     100%        9


Dungeon Overview and Level Annotations

Branches:
Dungeon (13/15)            Temple (1/1) D:5            Lair (0/5) D:10
    Orc (0/2) D:10        Ossuary (visited)          Bailey (visited)
 Vaults: D:13-14

Altars:
Ashenzari
Cheibriados
Dithmenos
Fedhas
Gozag
Hepliaklqana
Kikubaaqudgha
Makhleb
Nemelex Xobeh
Okawaru
Qazlal
Ru
Sif Muna
Trog
Uskayaw
Vehumet
Wu Jian
Xom
Yredelemnul
Lugonu

Shops:
D:1 :   D:3 (   D:9 !

Portals:
Abyss: Temple

Annotations:
D:6 exclusion: oklob plant


Innate Abilities, Weirdness & Mutations

You have hoof-like feet.
A weak demonic guardian rushes to your aid.
Spells you cast may paralyse nearby enemies.
You have a beak for a mouth.
Your mind is acute. (Int +4, Str/Dex -1)


Message History

You hit the skeletal warrior.
You peck the skeletal warrior, but do no damage.
The skeletal warrior is heavily damaged.
The skeletal warrior is engulfed in blazing flames.
The skeletal warrior hits you but does no damage.
The skeletal warrior is engulfed in blazing flames.
You hit the skeletal warrior.
You peck the skeletal warrior, but do no damage.
The skeletal warrior is heavily damaged.
The skeletal warrior is engulfed in blazing flames.
The skeletal warrior hits you with a +0 scimitar!
The skeletal warrior is engulfed in blazing flames.
You barely miss the skeletal warrior.
The skeletal warrior is severely damaged.
The skeletal warrior is engulfed in blazing flames.
The skeletal warrior hits you but does no damage.
The skeletal warrior is engulfed in blazing flames.
You completely miss the skeletal warrior.
Your peck misses the skeletal warrior.
You punch the skeletal warrior, but do no damage.
The skeletal warrior is severely damaged.
The skeletal warrior attacks as you move away!
The skeletal warrior hits you with a +0 mace.
The skeletal warrior closely misses you.
The skeletal warrior is engulfed in blazing flames.
There is a stone staircase leading up here.
The skeletal warrior hits you with a +0 scimitar!
A demonic guardian appears!
The skeletal warrior hits you with a +0 mace!
* * * LOW HITPOINT WARNING * * *
You climb upwards.
There is a stone staircase leading down here.
Casting: Foxfire (safe; 1% risk of failure)
Confirm with . or Enter, or press ? or * to list all spells.
Okay, then.
You feel much better.
The skeletal warrior hits you with a +0 mace!!
* * * LOW HITPOINT WARNING * * *
The skeletal warrior hits you with a +0 scimitar!!
You die...

######'### #####
#........# #....
###########........#
###....
######.........'.....<..#
#.)....
.......#########........#
#.#.... ########
#........# #)#....
#........###.#....
#.z......#...#....
#@.......'.###....
#.z......### #....
########## #.... #####


You could see 2 skeletal warriors.

Vanquished Creatures
  Fannar (D:12)
  Harold (D:11)
  2 vault guards (Bailey)
  4 two-headed ogres
  Urug (D:11)
  Lodul (D:11)
  A deep elf pyromancer (D:12)
  An ugly thing (D:11)
  A deep elf zephyrmancer (D:12)
  Maurice (D:9)
  Psyche (D:9)
  A kobold demonologist (D:10)
  Maggie (D:8)
  A freezing wraith (D:10)
  3 trolls
  Prince Ribbit (Bailey)
  6 slime creatures
  A centaur simulacrum (D:10)
  2 wyverns
  4 wraiths
  30 yaks
  3 shadows
  A vampire (D:10)
  5 steam dragons
  5 humans (Bailey)
  5 vampire mosquitoes
  Menkaure (D:7)
  Edmund (D:5)
  An acid dragon (D:10)
  3 black bears
  7 orc warriors
  3 ice beasts
  8 ogres
  A centaur (D:11)
  3 phantoms
  Blork the orc (D:5)
  A kobold brigand (D:10)
  13 bullfrogs
  2 gnoll sergeants
  A scorpion (D:6)
  8 wights
  A killer bee (D:10)
  3 electric eels (D:8)
  4 howler monkeys
  2 hounds
  2 jellies
  6 orc priests
  Crazy Yiuf (D:2)
  Jessica (D:3)
  Ijyb (D:5)
  11 orc wizards
  3 iguanas
  7 mummies
  18 gnolls
  8 adders
  2 shadow imps
  2 white imps
  An ufetubus (D:5)
  13 dart slugs
  56 orcs
  6 ball pythons
  3 bats
  3 endoplasms
  5 giant cockroaches
  14 goblins
  12 hobgoblins
  6 jackals
  5 kobolds
  6 quokkas
  2 frilled lizards (D:3)
  2 hobgoblin zombies (Ossuary)
  2 kobold zombies (Ossuary)
  4 orc zombies (Ossuary)
  3 rats (D:1)
353 creatures vanquished.

Vanquished Creatures (collateral kills)
  A hornet (D:7)
  An orc warrior (D:7)
  2 ogres (D:11)
  A bullfrog (D:7)
  Terence (D:2)
  2 mummies (Ossuary)
  A gnoll (D:2)
  5 foxfires (D:6)
14 creatures vanquished.

Vanquished Creatures (others)
  A demonic plant (Temple)
  692 foxfires
  2 fungi (D:6)
  62 plants
  13 toadstools (D:6)
770 creatures vanquished.

Grand Total: 1137 creatures vanquished

Notes
Turn   | Place    | Note
-------+----------+-------------------------------------------
     0 | D:1      | javelincjr the Demonspawn Fire Elementalist began the quest
                  | for the Orb.
     0 | D:1      | Reached XP level 1. HP: 13/13 MP: 3/3
    79 | D:1      | Found a faded altar of an unknown god.
   290 | D:1      | Gained mutation: A weak demonic guardian rushes to your
                  | aid. [demonic ancestry]
   290 | D:1      | Reached XP level 2. HP: 15/19 MP: 0/5
   524 | D:1      | Found Patud's Book Emporium.
   784 | D:1      | Gained mutation: Spells you cast may paralyse adjacent
                  | enemies. [demonic ancestry]
   784 | D:1      | Reached XP level 3. HP: 24/24 MP: 2/6
   951 | D:2      | Found an ornate altar of the Wu Jian Council.
  1266 | D:2      | Reached XP level 4. HP: 30/30 MP: 4/7
  1269 | D:2      | Learned a level 2 spell: Scorch
  1707 | D:2      | Found a runed translucent door.
  1708 | D:2      | Noticed Crazy Yiuf
  1715 | D:2      | Killed Crazy Yiuf
  1716 | D:2      | Reached skill level 3 in Spellcasting
  1973 | D:2      | Noticed Terence
  1986 | D:2      | Killed Terence
  1987 | D:2      | Gained mutation: You have large cloven feet. [demonic
                  | ancestry]
  1987 | D:2      | Reached XP level 5. HP: 20/35 MP: 0/9
  2683 | D:3      | Found Qusypios's Antique Weapon Boutique.
  3063 | D:3      | Found a broken altar of Ashenzari.
  3086 | D:3      | Noticed Jessica
  3095 | D:3      | Killed Jessica
  3096 | D:3      | Reached XP level 6. HP: 39/41 MP: 4/11
  3446 | D:3      | Found a burning altar of Makhleb.
  3447 | D:3      | Noticed a balrug
  3452 | D:3      | Noticed an angel
  3462 | D:3      | Identified the ring of Happiness {rF+ rC+ Int+7}
  3573 | D:4      | Identified the +0 ring mail of Xuahos {Int+4}
  3656 | D:4      | Found a sand-covered staircase.
  3695 | Ossuary  | Entered an ossuary
  4419 | D:4      | Learned a level 3 spell: Conjure Flame
  4556 | D:4      | Found a shimmering blue altar of Sif Muna.
  4564 | D:4      | Became a worshipper of Sif Muna the Loreminder
  4601 | D:4      | Found a sparkling altar of Nemelex Xobeh.
  4607 | D:4      | Reached skill level 4 in Spellcasting
  4884 | D:4      | Found a bloodstained altar of Trog.
  4961 | D:4      | Found a shadowy altar of Dithmenos.
  5139 | D:5      | Entered Level 5 of the Dungeon
  5148 | D:4      | Learned a level 4 spell: Flame Wave
  5206 | D:5      | Noticed an ice beast
  5215 | D:5      | Killed an ice beast
  5216 | D:5      | Gained mutation: You have hoof-like feet. [demonic
                  | ancestry]
  5216 | D:5      | Reached XP level 7. HP: 46/46 MP: 8/13
  5269 | D:5      | Noticed Ijyb
  5306 | D:5      | Killed Ijyb
  5307 | D:5      | Reached skill level 5 in Fire Magic
  5368 | D:5      | Noticed Edmund
  5569 | D:5      | Killed Edmund
  5731 | D:5      | Found a stormy altar of Qazlal.
  5757 | D:5      | Noticed Blork the orc
  5775 | D:5      | Killed Blork the orc
  5776 | D:5      | Reached skill level 5 in Spellcasting
  5880 | D:5      | Reached skill level 1 in Staves
  5929 | D:5      | Reached XP level 8. HP: 53/53 MP: 7/16
  6057 | D:5      | Reached skill level 1 in Fighting
  6291 | D:5      | Found a staircase to the Ecumenical Temple.
  6299 | Temple   | Entered the Ecumenical Temple
  6363 | Temple   | Found a one-way gate to the infinite horrors of the Abyss.
  6631 | D:5      | Reached * piety under Sif Muna
  6643 | D:5      | Reached skill level 6 in Spellcasting
  6872 | D:5      | Gained mutation: Spells you cast may paralyse nearby
                  | enemies. [demonic ancestry]
  6872 | D:5      | Reached XP level 9. HP: 34/59 MP: 6/19
  7065 | D:6      | Reached skill level 7 in Spellcasting
  7123 | D:6      | Identified the +6 sling of Xioblis {flame, rN+}
  7171 | D:6      | Found a shimmering altar of Xom.
  7171 | D:6      | Found an ornate altar of the Wu Jian Council.
  7431 | D:6      | Reached skill level 1 in Ranged Weapons
  7654 | D:6      | Found a hazy altar of Hepliaklqana.
  7989 | D:6      | Found a basalt altar of Yredelemnul.
  8131 | D:6      | Found a blossoming altar of Fedhas.
  8142 | D:6      | Noticed an oklob plant
  8399 | D:7      | Noticed Menkaure
  8401 | D:7      | Killed Menkaure
  8473 | D:7      | Found a radiant altar of Vehumet.
  8674 | D:7      | Gained mutation: Your muscles are strong. (Str +4, Int/Dex
                  | -1) [potion of mutation]
  8674 | D:7      | Gained mutation: Your body sometimes deteriorates upon
                  | taking damage. [potion of mutation]
  8737 | D:7      | Reached ** piety under Sif Muna
  8738 | D:7      | Reached skill level 8 in Spellcasting
  8970 | D:7      | Found a sacrificial altar of Ru.
  9520 | D:7      | Reached XP level 10. HP: 67/67 MP: 15/22
  9835 | D:8      | Noticed Maggie
  9841 | D:8      | HP: 3/67 [poisoned by an orc warrior]
 10102 | D:8      | Reached skill level 5 in Conjurations
 10597 | D:8      | Reached *** piety under Sif Muna
 10653 | D:8      | Killed Maggie
 10654 | D:8      | Reached skill level 9 in Spellcasting
 10804 | D:8      | Reached skill level 1 in Armour
 11646 | D:9      | Found Qaerynam's Distillery.
 11650 | D:9      | Bought a potion of mutation for 88 gold pieces
 11650 | D:9      | Lost mutation: Your muscles are strong. (Str +4, Int/Dex
                  | -1) [potion of mutation]
 11650 | D:9      | Lost mutation: Your body sometimes deteriorates upon taking
                  | damage. [potion of mutation]
 11650 | D:9      | Gained mutation: Your mind is acute. (Int +4, Str/Dex -1)
                  | [potion of mutation]
 11650 | D:9      | Gained mutation: You have a beak for a mouth. [potion of
                  | mutation]
 11688 | D:9      | Noticed Psyche
 11691 | D:9      | Killed Psyche
 11745 | D:9      | Found a snail-covered altar of Cheibriados.
 11998 | D:9      | Found a hide-covered altar of Uskayaw.
 12046 | D:9      | Noticed Maurice
 12163 | D:9      | Found an ancient bone altar of Kikubaaqudgha.
 12369 | D:9      | Killed Maurice
 12650 | D:10     | Entered Level 10 of the Dungeon
 12684 | D:10     | Found an opulent altar of Gozag.
 12746 | D:10     | Reached skill level 10 in Spellcasting
 12830 | D:10     | Noticed a two-headed ogre
 12839 | D:10     | Killed a two-headed ogre
 12840 | D:10     | Reached XP level 11. HP: 47/72 MP: 7/25
 12896 | D:10     | Found a flagged portal.
 12962 | Bailey   | Entered a bailey
 13317 | Bailey   | Noticed a vault guard
 13317 | Bailey   | Noticed Prince Ribbit
 13336 | Bailey   | Killed a vault guard
 13343 | Bailey   | Killed Prince Ribbit
 13348 | Bailey   | Noticed a vault guard
 13520 | Bailey   | Killed a vault guard
 13924 | D:10     | Reached **** piety under Sif Muna
 14278 | D:10     | Found a staircase to the Orcish Mines.
 14307 | D:10     | Reached skill level 11 in Spellcasting
 14502 | D:10     | Found an iron altar of Okawaru.
 14826 | D:10     | Found a staircase to the Lair.
 14891 | D:10     | Learned a level 3 spell: Inner Flame
 15086 | D:1      | Bought a book of Armaments for 468 gold pieces
 15090 | D:1      | Learned a level 3 spell: Stone Arrow
 15293 | D:11     | Noticed Harold
 15297 | D:11     | Noticed a two-headed ogre
 15320 | D:10     | Reached skill level 5 in Stealth
 15407 | D:10     | Reached skill level 10 in Fire Magic
 15507 | D:11     | Killed a two-headed ogre
 15756 | D:11     | Noticed Lodul
 15758 | D:11     | HP: 2/73 [Lodul/bolt of lightning (19)]
 16104 | D:10     | Reached skill level 1 in Earth Magic
 16262 | D:11     | Killed Lodul
 16263 | D:11     | Reached XP level 12. HP: 48/80 MP: 20/27
 16438 | D:11     | Killed Harold
 16948 | D:11     | Reached skill level 1 in Hexes
 17137 | D:11     | Reached skill level 12 in Spellcasting
 17281 | D:11     | Noticed Urug
 17291 | D:11     | Killed Urug
 17801 | D:12     | Noticed Fannar
 17929 | D:12     | Noticed a two-headed ogre
 17932 | D:12     | Killed a two-headed ogre
 18674 | D:12     | Noticed a two-headed ogre
 18678 | D:12     | Killed a two-headed ogre
 18958 | D:12     | Learned a level 3 spell: Gell's Gravitas
 19574 | D:12     | Killed Fannar
 19760 | D:12     | Slain by a skeletal warrior

Illustrated notes

Levels and vault maps discovered:
D:1:      lemuel_arrival_broad_hall, layout_rooms, serial_shops, shop,
          ebering_ecumenical_altar_hall
D:2:      layout_loops_corners, basic_altar, uniq_terence,
          uniq_crazy_yiuf_cottage
D:3:      kennysheep_slugbush, layout_loops_ring,
          grunt_temple_overflow_order_and_chaos_2, cheibrodos_ashenzari_chains,
          serial_shops, shop_statue, uniq_jessica
D:4:      layout_basic, grunt_dithmenos_smoke, lemuel_coloured_pillars_altar,
          mainiacjoe_overflow_cross_hatched, trog_antimagical, enter_ossuary_2
D:5:      layout_cave_pools, grunt_qazlal_clouds,
          minmay_temple_entry_statues_fountains, minmay_between,
          uniq_blork_the_orc, uniq_ijyb, uniq_edmund
D:6:      layout_loops_ring, nicolae_hepliaklqana_hazy_memory,
          mainiacjoe_overflow_brackets, kennysheep_mini,
          mainiacjoe_overflow_catch_the_wave, tgw_fedhas
D:7:      layout_basic, nicolae_ru_the_path_less_chosen, old_standard_altar,
          uniq_menkaure
D:8:      layout_loops_ring, serial_bayou, serial_bayou_ford_a,
          serial_bayou_shore_a, serial_bayou_pond_d, serial_bayou_pond_a,
          special_room [special_room_orc], uniq_maggie
D:9:      layout_loops_corners, nicolae_uskayaw_murder_on_the_dancefloor,
          kiku_gazebo_garden_becter, slow_altar_1, tso_oasis_becter,
          serial_shops, shop, uniq_psyche, uniq_maurice
D:10:     nzn_winding_woodlands_medium [nzn_winding_woodlands_5x5_cross,
          nzn_winding_woodlands_5x15_concentric,
          nzn_winding_woodlands_hourglass,
          nzn_winding_woodlands_5x5_checkerboard,
          nzn_winding_woodlands_center_lodge, nzn_winding_woodlands_5x5_default,
          nzn_winding_woodlands_5x5_perimeter, nzn_winding_woodlands_5x15_cabin,
          nzn_winding_woodlands_5x5_default], layout_irregular_city,
          okawaru_gym_becter, grunt_gozag_statues, enter_bailey_4
D:11:     cheibrodos_steamvent, layout_basic, uniq_harold, uniq_lodul, uniq_urug
D:12:     layout_roguey, billiards_dpeg, uniq_fannar
D:13:     layout_stronghold
Temple:   nicolae_temple_total_abyssal_victory

Skill      XL: |  1  2  3  4  5  6  7  8  9 10 11 12 |
---------------+-------------------------------------+-----
Fire Magic     | 3 4 5 6 7 9 10 11 | 11.3
Stealth        | 2 3 4 5 |  5.3
Spellcasting   | 3 4 5 6 8 10 11 12 | 12.9
Conjurations   | 2 3 4 5 6 |  6.5
Dodging        | 2 |  2.8
Staves         | 1 |  1.9
Fighting       | 1 2 |  2.7
Ranged Weapons | 2 3 4 |  4.0
Armour         | 1 3 4 |  4.4
Earth Magic    | 1 |  1.8
Hexes          | 2 |  2.6
Short Blades   | |  0.6

Action                   |  1- 3 |  4- 6 |  7- 9 | 10-12 || total
-------------------------+-------+-------+-------+-------++-------
Melee: Unarmed           |     3 |       |       |       ||     3
       Dagger            |     4 |       |       |       ||     4
       Spear             |     1 |       |       |       ||     1
       Quarterstaff      |       |    33 |    19 |       ||    52
       Kick              |       |     5 |       |       ||     5
       Sling             |       |       |     5 |     3 ||     8
       Punch             |       |       |     1 |     2 ||     3
       Peck              |       |       |       |    20 ||    20
       Short sword       |       |       |       |    55 ||    55
 Fire: Sling             |       |       |    19 |    30 ||    49
 Cast: Foxfire           |    53 |    99 |    92 |   154 ||   398
       Scorch            |       |    43 |    64 |   205 ||   312
       Conjure Flame     |       |       |     6 |    16 ||    22
       Flame Wave        |       |       |     8 |    25 ||    33
       Stone Arrow       |       |       |       |    34 ||    34
       Inner Flame       |       |       |       |    29 ||    29
  Use: Scroll            |       |    14 |     1 |     6 ||    21
       Potion            |       |     6 |     3 |     5 ||    14
 Stab: Paralysed         |       |     1 |     3 |    24 ||    28
Armor: Robe              |     9 |     6 |    24 |     3 ||    42
       Ring mail         |       |    17 |       |    58 ||    75
Dodge: Dodged            |    20 |    44 |    39 |    59 ||   162
